Map: Port Aleksander LE

Players

Thetawaves - Winner!

  • Race: Protoss Protoss
  • League: Master
  • Spawn Location: 5:00

Tunechi

  • Race: Terran Terran
  • League: Master
  • Spawn Location: 11:00

VOD

Have the link to the VOD?

Description

Time

  • Played on: March 23, 2019, 3:52 a.m.
  • Length: 10:06
Show
View Real Time Build Order
Export as new Build Order

Thetawaves Protoss - Winner!

Build Orders: 1 Gate Expand, Chargelot Immortal 

Get SALT Encoding   

  12  0:00  Probe  
  13  0:12  Probe  
  14  0:17  Pylon  
  14  0:25  Probe  
  15  0:37  Probe  
  15  0:38  Gateway  
  16  0:49  Probe  
  17  0:50  Assimilator  
  17  1:01  Probe  
  18  1:17  Nexus  
  18  1:20  Probe  
  19  1:30  Cybernetics Core  
  19  1:34  Probe  
  19  1:38  Assimilator  
  20  1:46  Probe  
  21  1:49  Pylon  
  21  1:54  Probe  
  21  1:57  Adept  
  22  2:03  Probe  
  25  2:11  Robotics Facility  
  25  2:12  Probe  
  26  2:22  Probe  
  26  2:26  Probe  
  26  2:27  Stalker  
  29  2:31  Probe  
  29  2:34  Probe  
  31  2:39  Probe  
  33  2:44  Warp Gate, Probe  
  33  2:50  Probe  
  35  2:56  Probe  
  35  2:57  Stalker  
  38  2:59  Observer  
  38  3:03  Probe  
  40  3:08  Probe  
  41  3:15  Probe  
  42  3:20  Observer, Probe  
  42  3:22  Nexus  
  45  3:27  Probe  
  45  3:28  Pylon  
  45  3:33  Probe  
  46  3:39  Assimilator  
  46  3:46  Observer, Probe x2  
  46  3:47  Pylon  
  49  3:52  Gateway  
  49  3:53  Gateway  
  49  3:58  Probe  
  49  4:00  Probe  
  51  4:06  Probe  
  51  4:08  Probe  
  51  4:10  Observer  
  51  4:14  Probe  
  51  4:16  Observer, Probe  
  54  4:22  Twilight Council  
  54  4:24  Probe, Gateway  
  56  4:27  Probe  
  56  4:30  Probe  
  57  4:34  Shield Battery  
  57  4:36  Probe  
  59  4:38  Probe  
  59  4:39  Probe  
  59  4:40  Sentry  
  59  4:44  Immortal  
  67  4:48  Zealot, Sentry, Probe x2  
  67  4:51  Probe  
  74  4:55  Shield Battery  
  74  4:56  Pylon, Charge  
  74  5:00  Probe x2  
  74  5:03  Probe  
  77  5:14  Pylon, Probe x2  
  77  5:15  Pylon  
  77  5:16  Zealot, Stalker x2  
  85  5:25  Gateway  
  85  5:26  Gateway  
  85  5:31  Warp Prism  
  85  5:32  Probe  
  85  5:34  Gateway  
  88  5:37  Gateway  
  88  5:46  Zealot x4  
  96  5:52  Probe  
  97  5:59  Pylon  
  97  6:02  Forge  
  97  6:04  Forge  
  97  6:10  Immortal  
  97  6:13  Protoss Ground Weapons Level 1  
  97  6:14  Protoss Ground Armor Level 1  
  97  6:15  Zealot x2  
  101  6:22  Pylon  
  101  6:24  Pylon  
  105  6:26  Pylon  
  105  6:27  Pylon, Zealot x2  
  109  6:39  Nexus  
  109  6:40  Pylon  
  109  6:42  Stalker x3  
  109  6:46  Zealot  
  117  6:47  Stalker  
  117  6:49  Observer  
  120  7:02  Stalker x3  
  120  7:04  Probe x2  
  120  7:05  Probe  
  128  7:09  Pylon  
  128  7:10  Shield Battery  
  128  7:11  Observer  
  129  7:16  Blink, Probe  
  129  7:20  Probe  
  131  7:22  Assimilator  
  131  7:26  Zealot x7  
  145  7:30  Observer  
  145  7:34  Probe  
  146  7:39  Observer, Gateway  
  146  7:41  Pylon  
  146  7:43  Gateway  
  147  7:45  Stalker  
  147  7:47  Stalker x3  
  155  7:54  Zealot x3  
  161  8:03  Immortal  
  165  8:10  Zealot x5  
  148  8:35  Zealot x9  
  164  8:51  Immortal  
  168  8:58  Assimilator  
  168  9:00  Assimilator  
  168  9:02  Zealot x5  
  174  9:03  Zealot  
  174  9:07  Pylon  
  158  9:22  Zealot x2  
  158  9:23  Zealot x8  
  120  9:45  Zealot x6  
  112  9:46  Zealot x4  
Show
View Real Time Build Order
Export as new Build Order

Tunechi Terran 

Build Orders: Reaper Expand 

Get SALT Encoding   

  12  0:01  SCV  
  13  0:13  SCV  
  14  0:18  Supply Depot  
  14  0:25  SCV  
  15  0:40  SCV  
  15  0:42  Barracks  
  16  0:46  Refinery  
  16  0:52  SCV  
  17  1:04  SCV  
  18  1:16  SCV  
  19  1:30  Orbital Command, Reaper  
  20  1:43  Command Center  
  20  1:52  Supply Depot  
  20  1:56  SCV  
  21  2:02  Barracks Reactor  
  21  2:20  SCV  
  21  2:21  Bunker  
  22  2:23  Barracks  
  22  2:32  SCV  
  23  2:40  Marine x2  
  23  2:42  Refinery  
  25  2:44  SCV  
  26  2:52  Factory  
  26  2:55  Orbital Command  
  26  2:56  SCV  
  27  2:59  Marine  
  27  3:00  Marine  
  29  3:11  Marine  
  30  3:13  SCV  
  31  3:21  SCV  
  31  3:24  Marine  
  31  3:25  Marine  
  34  3:28  SCV  
  34  3:30  Barracks Tech Lab  
  35  3:35  SCV  
  35  3:38  Factory Reactor  
  35  3:39  Starport  
  35  3:41  SCV  
  37  3:45  Supply Depot  
  37  3:46  Marine  
  37  3:47  Marine  
  37  3:48  SCV  
  40  3:49  Stimpack  
  40  3:54  SCV  
  41  4:02  SCV  
  42  4:03  Engineering Bay  
  42  4:06  SCV  
  42  4:07  Marine x2  
  45  4:14  SCV  
  46  4:21  SCV  
  47  4:30  Medivac x2  
  51  4:31  Marine  
  51  4:32  Marauder  
  51  4:36  Supply Depot  
  51  4:38  Supply Depot  
  54  4:42  Refinery  
  54  4:50  Barracks, Terran Infantry Weapons Level 1  
  54  4:57  Marine x3, SCV x2  
  59  5:00  Supply Depot  
  59  5:06  Missile Turret  
  59  5:08  Factory Reactor  
  59  5:09  SCV  
  59  5:10  SCV  
  61  5:15  Marine  
  62  5:22  SCV  
  62  5:23  Marine x2  
  62  5:24  Medivac x2  
  69  5:29  SCV  
  69  5:30  Refinery  
  69  5:33  Marine  
  69  5:35  Supply Depot  
  71  5:37  Marine  
  71  5:41  Marine x2  
  74  5:51  Marine  
  74  5:52  Command Center, Combat Shield  
  74  5:55  Marine, SCV x2  
  78  5:59  Marine, Marauder  
  81  6:05  Supply Depot  
  81  6:08  Marine  
  82  6:15  Marine  
  82  6:16  Marine  
  84  6:21  Marauder  
  86  6:26  Medivac x2  
  86  6:27  Widow Mine x2  
  86  6:31  Supply Depot  
  86  6:32  Barracks  
  94  6:40  Barracks Tech Lab  
  94  6:46  Barracks  
  94  6:49  Supply Depot  
  94  6:52  Marine x2  
  94  6:53  Marauder, SCV  
  99  6:58  Marine  
  99  6:59  Widow Mine  
  99  7:00  Widow Mine  
  95  7:06  Orbital Command  
  95  7:07  Supply Depot  
  95  7:10  Marine  
  95  7:14  Marauder  
  98  7:17  Medivac  
  98  7:20  Widow Mine, Terran Infantry Armor Level 1  
  98  7:22  Widow Mine  
  104  7:24  Missile Turret  
  104  7:26  Barracks Reactor  
  104  7:29  SCV x2  
  106  7:36  Barracks Tech Lab  
  106  7:37  Marine  
  106  7:38  Orbital Command, Marauder  
  106  7:41  Widow Mine  
  111  7:45  Supply Depot  
  111  7:46  SCV x2  
  111  7:49  Marine  
  111  7:50  Concussive Shells  
  114  7:58  SCV  
  115  7:59  Armory  
  115  8:02  Engineering Bay  
  115  8:03  SCV  
  115  8:04  SCV  
  117  8:09  Marine  
  117  8:10  SCV  
  117  8:12  Marine x2  
  120  8:13  Marine, Marauder x2  
  120  8:16  SCV x2  
  127  8:21  Missile Turret  
  106  8:31  Marine x2, Marauder  
  106  8:34  Marine x2, Marauder x2  
  101  8:40  Widow Mine  
  110  8:48  Widow Mine  
  110  8:49  Marine x2  
  110  8:51  Marine  
  110  8:53  Marauder  
  115  8:56  Marine  
  115  8:57  Marine  
  115  8:59  SCV  
  115  9:01  Widow Mine  
  115  9:02  Marine  
  121  9:06  Supply Depot  
  122  9:10  Widow Mine  
  122  9:14  Marauder  
  100  9:27  Marine x3, Marauder x2  
  100  9:31  Marine  
  92  9:36  Marauder  
  80  9:44  Marine x2  
  80  9:45  Marine  
Tags
 
Add a new tag
Caveats
  • Supply blocks, unpowered buildings, or Contaminate may cause inaccurate times.
  • Supply counts are checked every 10 seconds.